Workbook

Sheet SERVIÇOS
E2: ANEXO X - PLANILHA DE QUANTITATIVO E PREÇOS UNITÁRIOS (ORÇAMENTO)
E4: OBRA / SERVIÇO - UNIDADE DO SISTEMA: | G4: LOCALIDADE: | J4: PÁGINA: | K4: DATA BASE:
E5: SAA - Sistema de Abastecimento de Água | G5: Nova Era - MG | K5: Novembro/2018
A7: ÍTEM | B7: SUB- | C7: DISCRIMINAÇÃO | G7: UNID. | H7: QUANT. | I7: PREÇO | J7: PREÇO UNIT. | K7: VALOR TOTAL
B8: ÍTEM | I8: UNITÁRIO (R$) | J8: C/ BDI 32,01% | K8: C/ BDI 32,01%
K9: =IF(I9=0," ",IF(I9=" -"," -",H9*I9))
A10: 1 | C10: MOBILIZAÇÃO E DESMOBILIZAÇÃO
B12: 1.1 | C12: MOBILIZAÇÃO E DESMOBILIZAÇÃO DE OBRA | G12: vb | H12: 1 | I12: =SUM('RESUMO GERAL'!G12:H12,'RESUMO GERAL'!G14:H14,'RESUMO GERAL'!I12:J12,'RESUMO GERAL'!I14:J14,'RESUMO GERAL'!I16:J16)*0.6799*0.015 -> 3587.4762 | J12: =I12*1.3201 -> 4735.8274 | K12: =J12 -> 4735.8274
C14: Mobilização e desmobilização de obra - para obras que exigem a utilização de grande quantidade de equipamentos e são executadas em locais distantes de centros urbanos - 1,5% do custo direto da obra
A33: TOTAL DO ITEM 1 | K33: =SUM(K9:K32) -> 4735.8274
A36: DATA: | D36: NOME E CARGO:
K38: =IF(I38=0," ",IF(I38=" -"," -",H38*I38))
A39: 2 | C39: LINHA DE RECALQUE E ALIMENTAÇÃO
B41: 2.1. | C41: SERVIÇOS PRELIMINARES
C43: Placa de Obra
C45: Instalação de placa de obra com 3,00 x 1,50m, em chapa galvanizada, conforme padrão | G45: m² | H45: 4.5 | I45: 336.96 | J45: =I45*1.3201 -> 444.8209 | K45: =J45*H45 -> 2001.694
C46: da PMNE.
C48: Sinalização e Segurança de Obras
C50: Sinalização de transito com placas e cones | G50: m | H50: 800 | I50: 2.08 | J50: =I50*1.3201 -> 2.745808 | K50: =J50*H50 -> 2196.6464
B52: 2.2 | C52: DEMOLIÇÕES E REMOÇÕES
C54: Demolição de pavimento asfaltico, faixas menores ou iguais a 2,00m | G54: m² | H54: 18 | I54: 10.86 | J54: =I54*1.3201 -> 14.336286 | K54: =J54*H54 -> 258.05315
C56: Demolição de pavimento em paralelepipedo, poliedrico e pre-moldado, de forma manual, com reaproveitamento | G56: m² | H56: 872.4 | I56: 8.84 | J56: =I56*1.3201 -> 11.669684 | K56: =J56*H56 -> 10180.632
C58: Retirada de grama | G58: m² | H58: 75 | I58: 3.07 | J58: =I58*1.3201 -> 4.052707 | K58: =J58*H58 -> 303.95302
B60: 2.3 | C60: BOTA FORA DE MATERIAL DEMOLIDO
C62: Carga manual de material em geral, sem manuseio e arrumação do material | G62: m³ | H62: 6 | I62: 16.27 | J62: =I62*1.3201 -> 21.478027 | K62: =J62*H62 -> 128.86816
C64: Carga e descarga mecânica de material em geral, sem manuseio e arrumação de material | G64: m³ | H64: 40 | I64: 1.62 | J64: =I64*1.3201 -> 2.138562 | K64: =J64*H64 -> 85.54248
C66: Transporte de material em geral, com caminhão basculante de 10m³, em via urbana | G66: m³/km | H66: 230 | I66: 1.17 | J66: =I66*1.3201 -> 1.544517 | K66: =J66*H66 -> 355.23891
C67: (DMT-5Km)
A72: DATA: | D72: NOME E CARGO:
B75: 2.4 | C75: MOVIMENTO DE TERRA
C77: Escavação manual de valas, em solo seco, profundidade até 1,50m | G77: m³ | H77: 24 | I77: 48.57 | J77: =I77*1.3201 -> 64.117257 | K77: =J77*H77 -> 1538.8142
C79: Escavação mecânica de valas, em solo seco, profundidade até 1,50m, largura menor que 0,80 m | G79: m³ | H79: 496.5 | I79: 5.82 | J79: =I79*1.3201 -> 7.682982 | K79: =J79*H79 -> 3814.6006
C81: Acerto e verificação do nivelamento de fundo de vala | G81: m² | H81: 456 | I81: 3.8 | J81: =I81*1.3201 -> 5.01638 | K81: =J81*H81 -> 2287.4693
C83: Aterro de valas e cavas de fundação, com controle do grau de compactação | G83: m³ | H83: 520.5 | I83: 14.86 | J83: =I83*1.3201 -> 19.616686 | K83: =J83*H83 -> 10210.485
C84: de no mínimo 97% do proctor normal
C86: Muro de arrimo em rip-rap (vegetativo) | G86: m³ | H86: 24 | I86: 154.72 | J86: =I86*1.3201 -> 204.24587 | K86: =J86*H86 -> 4901.9009
B88: 2.5 | C88: MATERIAS E EQUIPAMENTOS HIDRÁULICOS
C90: Montagens especiais em ferro fundido | G90: kg | H90: 320 | I90: 1.28 | J90: =I90*1.3201 -> 1.689728 | K90: =J90*H90 -> 540.71296
C92: Assentamento de tubos e conexões de ferro fundido, junta elástica, DN 100mm | G92: m | H92: 132 | I92: 3.63 | J92: =I92*1.3201 -> 4.791963 | K92: =J92*H92 -> 632.53912
C94: Assentamento de tubos e conexões de PVC, junta elástica, DN 100mm | G94: m | H94: 30 | I94: 1.75 | J94: =I94*1.3201 -> 2.310175 | K94: =J94*H94 -> 69.30525
C96: Assentamento de tubos e conexões de PVC DEFOFO, junta elástica, DN 100mm | G96: m | H96: 714 | I96: 1.75 | J96: =I96*1.3201 -> 2.310175 | K96: =J96*H96 -> 1649.465
A106: DATA: | D106: NOME E CARGO:
B109: 2.6 | C109: SERVIÇOS COMPLEMENTARES
C111: Pavimentação de asfalto com base de minério, E=20cm e capa asfaltica de 5cm | G111: m³ | H111: 0.9 | I111: 865.4 | J111: =I111*1.3201 -> 1142.4145 | K111: =J111*H111 -> 1028.1731
C113: Recomposição de pavimento em paralelepipedo, sobre colchão de areia, com reaproveitamento do material | G113: m² | H113: 872.4 | I113: 12.87 | J113: =I113*1.3201 -> 16.989687 | K113: =J113*H113 -> 14821.803
C116: Pantio de grama em placas | G116: m² | H116: 75 | I116: 9.67 | J116: =I116*1.3201 -> 12.765367 | K116: =J116*H116 -> 957.40253
C118: Caixa para proteção de registro de descarga e ventosa, em concreto, parede e = 15cm (fundo em concreto simples e tampo em concreto armado) inclusive assentamento de tampão de ferro fundido, nas seguintes dimensões internas, conforme projeto: (1,20 x 1,80) H=1,50m | G118: unid | H118: 2 | I118: 3150.71 | J118: =I118*1.3201 -> 4159.2523 | K118: =J118*H118 -> 8318.5045
C120: Poço de visita circular, em concreto pré-moldado, diâmetro interno = 1,00m, profundidade de 1,50 a 2,00m, inclusive tampão de ferro fundido, diâmetro de 60cm | G120: unid | H120: 2 | I120: 1290.53 | J120: =I120*1.3201 -> 1703.6287 | K120: =J120*H120 -> 3407.2573
A134: TOTAL DO ITEM 2 | K134: =SUM(K45:K133) -> 69689.061
A137: DATA: | D137: NOME E CARGO:
A140: 3 | C140: ESTAÇÃO ELEVATÓRIA DE ÁGUA TRATADA
B142: 3.1 | C142: SERVIÇOS PRELIMINARES
C144: Capina e limpeza manual do terreno | G144: m² | H144: 150 | I144: 0.98 | J144: =I144*1.3201 -> 1.293698 | K144: =J144*H144 -> 194.0547
C146: Locação convencional de obras | G146: m² | H146: 15 | I146: 3.42 | J146: =I146*1.3201 -> 4.514742 | K146: =J146*H146 -> 67.72113
B148: 3.2 | C148: MOVIMENTO DE TERRA
C150: Escavação mecânica em solo seco, para dessaterro, profundidade até 1,50m | G150: m³ | H150: 25 | I150: 4.95 | J150: =I150*1.3201 -> 6.534495 | K150: =J150*H150 -> 163.36238
C152: Escavação manual de valas em solo seco, fundação e base da bomba, profundidade | G152: m³ | H152: 7.65 | I152: 48.57 | J152: =I152*1.3201 -> 64.117257 | K152: =J152*H152 -> 490.49702
C153: até 1,50m
C155: Carga e descarga mecânica de material em geral, sem manuseio e arrumação de material | G155: m³ | H155: 35 | I155: 1.62 | J155: =I155*1.3201 -> 2.138562 | K155: =J155*H155 -> 74.84967
C157: Transporte de material em geral, com caminhão basculante 10m³, em via urbana (DMT-5KM) | G157: m³/km | H157: 175 | I157: 1.17 | J157: =I157*1.3201 -> 1.544517 | K157: =J157*H157 -> 270.29047
C159: Aterro de valas e cavas de fundação, com controle do grau de compactação | G159: m³ | H159: 4.75 | I159: 14.86 | J159: =I159*1.3201 -> 19.616686 | K159: =J159*H159 -> 93.179259
C160: de no mínimo 97% do proctor normal
B162: 3.3 | C162: ESTRUTURAS E CONCRETO
C164: Montagem e desmontagem de forma de viga, em madeira serrada, 4 utilizações | G164: m² | H164: 18 | I164: 76.91 | J164: =I164*1.3201 -> 101.52889 | K164: =J164*H164 -> 1827.52
C166: Preparo em betoneira de concreto estrutural fck 15Mpa | G166: m³ | H166: 6 | I166: 239.27 | J166: =I166*1.3201 -> 315.86033 | K166: =J166*H166 -> 1895.162
C168: Lançamento e adensamento de concreto, altura ou profundidade até 1,50m | G168: m³ | H168: 6 | I168: 83.99 | J168: =I168*1.3201 -> 110.8752 | K168: =J168*H168 -> 665.25119
A171: DATA: | D171: NOME E CARGO:
C174: Fornecimento, corte, dobra e armação de aço CA-50 | G174: Kg | H174: 186 | I174: 17.8 | J174: =I174*1.3201 -> 23.49778 | K174: =J174*H174 -> 4370.5871
B176: 3.4 | C176: MATERIAIS E EQUIPAMENTOS MECÂNICOS
C178: Instalação de conjunto moto bomba horizontal, potência de 25CV, conforme projeto | G178: unid | H178: 2 | I178: 514.15 | J178: =I178*1.3201 -> 678.72942 | K178: =J178*H178 -> 1357.4588
B180: 3.5 | C180: MATERIAIS E EQUIPAMENTOS HIDRÁULICOS
C182: Montagens especiais em ferro fundido | G182: Kg | H182: 528 | I182: 1.28 | J182: =I182*1.3201 -> 1.689728 | K182: =J182*H182 -> 892.17638
C184: Fornecimento e instalação de manômetro e seus acessórios, conforme projeto | G184: unid | H184: 1 | I184: 350 | J184: =I184*1.3201 -> 462.035 | K184: =J184*H184 -> 462.035
C186: Instalação da ventosa com fornecimento dos materiais necessários, conforme projeto | G186: unid | H186: 1 | I186: 150 | J186: =I186*1.3201 -> 198.015 | K186: =J186*H186 -> 198.015
B188: 3.6 | C188: MATERIAIS E EQUIPAMENTOS ELÉTRICOS
C190: Assentameto de quadro de comando de motores 25CV (QCM) | G190: unid | H190: 1 | I190: 370 | J190: =I190*1.3201 -> 488.437 | K190: =J190*H190 -> 488.437
B192: 3.7 | C192: SERVIÇOS COMPLEMENTARES
C194: Alvaneria de vedação com blocos de concreto (14x19x39)cm E=14cm e argamassa de assentamento com preparo em betoneira | G194: m² | H194: 26 | I194: 45.1 | J194: =I194*1.3201 -> 59.53651 | K194: =J194*H194 -> 1547.9493
C196: Alvenaria de bloco de concreto cheio (19x19x39)cm E=19cm, para fundação | G196: m² | H196: 8 | I196: 54.76 | J196: =I196*1.3201 -> 72.288676 | K196: =J196*H196 -> 578.30941
C198: Telhamento com telha fibrocimento ondulada, E=6mm de 1,83x1,10m | G198: m² | H198: 21.6 | I198: 29.96 | J198: =I198*1.3201 -> 39.550196 | K198: =J198*H198 -> 854.28423
C200: Caibros em madeira de lei (6x8)cm | G200: m | H200: 18 | I200: 11.68 | J200: =I200*1.3201 -> 15.418768 | K200: =J200*H200 -> 277.53782
C202: Caixilho de ferro em cantoneira de 1/2", tipo basculante (1,20x0,60)m | G202: unid | H202: 1 | I202: 220 | J202: =I202*1.3201 -> 290.422 | K202: =J202*H202 -> 290.422
A205: DATA: | D205: NOME E CARGO:
C208: Fornecimento e assentamento de porta em chapa de aço, trapezoidal, com duas folhas | G208: unid | H208: 1 | I208: 950 | J208: =I208*1.3201 -> 1254.095 | K208: =J208*H208 -> 1254.095
C209: (1,20 x 2,10)m
C211: Chapiscado comum, com argamassa de cimento e areia, traço 1:3 | G211: m² | H211: 52 | I211: 2.49 | J211: =I211*1.3201 -> 3.287049 | K211: =J211*H211 -> 170.92655
C213: Reboco massa única, traço 1:2:6 | G213: m² | H213: 52 | I213: 23.88 | J213: =I213*1.3201 -> 31.523988 | K213: =J213*H213 -> 1639.2474
C215: Piso cimentado liso E=2,0cm, recoberto com nata de cimento | G215: m² | H215: 8.5 | I215: 39.58 | J215: =I215*1.3201 -> 52.249558 | K215: =J215*H215 -> 444.12124
C217: Passeio cimentado com revestimento em argamassa de cimento e areia, traço 1:3, | G217: m³ | H217: 0.5 | I217: 386.16 | J217: =I217*1.3201 -> 509.76982 | K217: =J217*H217 -> 254.88491
C218: E=2cm, inclusive base de concreto, com consumo mínimo de cimento de 150Kg/m³,
C219: E=6cm
C221: Pintura de tubulação de ferro fundido, duas demãos, esmalte alto brilho | G221: m² | H221: 4 | I221: 21.02 | J221: =I221*1.3201 -> 27.748502 | K221: =J221*H221 -> 110.99401
C223: Pintura em alvenaria, latex, duas demãos, sem massa corrida | G223: m² | H223: 52 | I223: 7.34 | J223: =I223*1.3201 -> 9.689534 | K223: =J223*H223 -> 503.85577
C225: Pintura em esquadrias de ferro, duas demãos, esmalte alto brilho | G225: m² | H225: 8 | I225: 21.02 | J225: =I225*1.3201 -> 27.748502 | K225: =J225*H225 -> 221.98802
C227: Vidro liso comum, E=3mm | G227: m² | H227: 1 | I227: 76.08 | J227: =I227*1.3201 -> 100.43321 | K227: =J227*H227 -> 100.43321
C229: Cerca com mourões de concreto, seção "T" ponta inclinada,10 x 10 cm, fechada com tela galvanizada 2x2", fio 16, com 1,80m de altura | G229: m | H229: 30 | I229: 59.78 | J229: =I229*1.3201 -> 78.915578 | K229: =J229*H229 -> 2367.4673
C231: Portão para pedestre com tubo de 1 1/2", fechado com tela galvanizada 2x2" com 1,00x1,80m | G231: unid | H231: 1 | I231: 500 | J231: =I231*1.3201 -> 660.05 | K231: =J231*H231 -> 660.05
C233: Plantio de grama em placas | G233: m² | H233: 20 | I233: 9.67 | J233: =I233*1.3201 -> 12.765367 | K233: =J233*H233 -> 255.30734
A237: TOTAL DO ÍTEM 3 | K237: =SUM(K144:K236) -> 25042.471
A240: DATA: | D240: NOME E CARGO:

Sheet MATERIAIS(1)
E2: ANEXO X - PLANILHA DE QUANTITATIVO E PREÇOS UNITÁRIOS (ORÇAMENTO)
E4: OBRA / SERVIÇO - UNIDADE DO SISTEMA: | G4: LOCALIDADE: | J4: PÁGINA: | K4: DATA BASE:
E5: SAA - Sistema de Abastecimento de Água | G5: Nova Era - MG | K5: Novembro/2018
A7: ÍTEM | B7: SUB- | C7: DISCRIMINAÇÃO | G7: UNID. | H7: QUANT. | I7: PREÇO | J7: PREÇO UNIT. | K7: VALOR TOTAL
B8: ÍTEM | I8: UNITÁRIO (R$) | J8: C/ BDI 32,01% | K8: C/ BDI 32,01%
K9: =IF(I9=0," ",IF(I9=" -"," -",H9*I9))
A10: 2 | C10: LINHA DE RECALQUE E ALIMENTAÇÃO
B12: 2.1 | C12: TUBO DE PVC RÍGIDO, PONTA E BOLSA, JUNTA ELÁSTICA INTEGRADA FABRICADO
C13: CONFORME NBR 5647 (PBA)
B15: 2.1.1 | C15: Tubo PVC PBA JEI CL15 DN 100 | G15: m | H15: 30 | I15: 46.51 | J15: =I15*1.3201 -> 61.397851 | K15: =H15*J15 -> 1841.9355
B17: 2.2 | C17: PEÇAS E CONEXÕES PARA TUBOS DE PVC RÍGIDO (PBA) FABRICADOS CONFORME
C18: NBR 9815 E NBR 10351
B20: 2.2.1 | C20: Tê PVC JE BBB PBA DN 100x100 | G20: pç | H20: 1 | I20: 84.48 | J20: =I20*1.3201 -> 111.52205 | K20: =H20*J20 -> 111.52205
B22: 2.2.2 | C22: Luva de correr PVC JE PBA DN 100 | G22: pç | H22: 2 | I22: 49.9 | J22: =I22*1.3201 -> 65.87299 | K22: =H22*J22 -> 131.74598
B24: 2.2.3 | C24: Adaptador PVC bolsa PBA x Ponta FoFo DN 100x100 | G24: pç | H24: 1 | I24: 45.43 | J24: =I24*1.3201 -> 59.972143 | K24: =H24*J24 -> 59.972143
B26: 2.3 | C26: TUBO DE PVC RÍGIDO DEFOFO, PONTA E BOLSA, JUNTA ELÁSTICA INTEGRADA, PRESSÃO NOMINAL DE TRABALHO DE 10Kgf/cm², FABRICADO CONFORME NBR 7665
B28: 2.3.1 | C28: Tubo de PVC DEFOFO PB JEI DN 100 | G28: m | H28: 714 | I28: 36.51 | J28: =I28*1.3201 -> 48.196851 | K28: =H28*J28 -> 34412.552
B30: 2.4 | C30: TUBO DE FERRO FUNDIDO DÚCTIL CENTRIFUGADO, PONTA E BOLSA, JUNTA ELÁSTICA
C31: CLASSE K-9, FABRICADO CONFORME NBR 7663
B33: 2.4.1 | C33: Tubo FoFo K-9 JGS (TK9 JGS) DN 100 | G33: m | H33: 60 | I33: 251.79 | J33: =I33*1.3201 -> 332.38798 | K33: =H33*J33 -> 19943.279
A35: DATA: | D35: NOME E CARGO:
K37: =IF(I37=0," ",IF(I37=" -"," -",H37*I37))
B38: 2.4.2 | C38: Tubo FoFo K-9 JGSTI (TK9 JGSTI) DN 100 | G38: m | H38: 72 | I38: 281.72 | J38: =I38*1.3201 -> 371.89857 | K38: =H38*J38 -> 26776.697
B40: 2.5 | C40: CONEXÕES DE FERRO FUNDIDO DÚCTIL PARA JUNTAS ELÁSTICAS (NBR7674)
C41: FABRICADO CONFORME NBR 7675
B43: 2.5.1 | C43: Curva 90° com bolsas (C 90° JE) DN 100 | G43: pç | H43: 7 | I43: 145.85 | J43: =I43*1.3201 -> 192.53659 | K43: =H43*J43 -> 1347.7561
B45: 2.5.2 | C45: Curva 45° com bolsas (C 45° JTI) DN 100 | G45: pç | H45: 2 | I45: 413.61 | J45: =I45*1.3201 -> 546.00656 | K45: =H45*J45 -> 1092.0131
B47: 2.5.3 | C47: Curva 22°30' com bolsas (C 22°30' JTI) DN 100 | G47: pç | H47: 1 | I47: 431.85 | J47: =I47*1.3201 -> 570.08519 | K47: =H47*J47 -> 570.08519
B49: 2.5.4 | C49: Extremidade flange e bolsa JGS PN16 DN 100 | G49: pç | H49: 2 | I49: 156 | J49: =I49*1.3201 -> 205.9356 | K49: =H49*J49 -> 411.8712
B51: 2.5.5 | C51: Luva de correr junta mecânica DN 100 | G51: pç | H51: 2 | I51: 291.86 | J51: =I51*1.3201 -> 385.28439 | K51: =H51*J51 -> 770.56877
B53: 2.6 | C53: CONEXÕES DE FERRO FUNDIDO DÚCTIL PARA JUNTAS FLANGEADAS, FABRICADA
C54: CONFORME NBR 7675
B56: 2.6.1 | C56: Extremidade flange e ponta
C58: EFP PN16 DN 100 | G58: pç | H58: 3 | I58: 210.86 | J58: =I58*1.3201 -> 278.35629 | K58: =H58*J58 -> 835.06886
B60: 2.6.2 | C60: Tê com flanges
C62: TFF PN16 DN 100x100 | G62: pç | H62: 3 | I62: 290.66 | J62: =I62*1.3201 -> 383.70027 | K62: =H62*J62 -> 1151.1008
B64: 2.7 | C64: REGISTRO EURO23, COM FLANGES E CABEÇOTE,CORPO CURTO, CONF. NBR 7675
C65: R23FC PN16 DN 100 | G65: pç | H65: 4 | I65: 497.48 | J65: =I65*1.3201 -> 656.72335 | K65: =H65*J65 -> 2626.8934
B67: 2.8 | C67: EQUIPAMENTOS E APARELHOS PARA PROTEÇÃO DE CANALIZAÇÃO EM FERRO FUNDIDO
A70: DATA:
K72: =IF(I72=0," ",IF(I72=" -"," -",H72*I72))
B73: 2.8.1 | C73: Válvula de retenção tipo portinhola dupla fabricada em ferro fundido dúctil para instalação
C74: entre flanges da NBR 7675, inclusive tirantes
C75: VRPD PN16 DN 100 | G75: pç | H75: 1 | I75: 830 | J75: =I75*1.3201 -> 1095.683 | K75: =H75*J75 -> 1095.683
B77: 2.8.2 | C77: Ventosa de tríplice função fabricada em ferro fundido dúctil com flanges, conforme NBR 7675
C78: VTF PN16 DN 100 | G78: pç | H78: 2 | I78: 1481.95 | J78: =I78*1.3201 -> 1956.3222 | K78: =H78*J78 -> 3912.6444
B80: 2.9 | C80: ACESSÓRIOS PARA TUBOS DE FERRO FUNDIDO COM JUNTAS FLANGEADAS
C81: FABRICADAS CONFORME NBR 7560 E NBR 7675
B83: 2.9.1 | C83: Arruelas de amianto grafitado para flanges, pressão nominal 16Kgf/cm², para atender as
C84: conexões da NBR 7675
C86: AAF PN16 DN 100 | G86: pç | H86: 13 | I86: 12.5 | J86: =I86*1.3201 -> 16.50125 | K86: =H86*J86 -> 214.51625
B88: 2.9.2 | C88: Parafusos sextavados de aço carbono galvanizado, com porca e rosca total, fabricados
C89: conforme PB 25 e NBR 8855
C91: PPF PN16 ø 16mm L = 80mm | G91: pç | H91: 104 | I91: 7.87 | J91: =I91*1.3201 -> 10.389187 | K91: =H91*J91 -> 1080.4754
B93: 2.10 | C93: DIVERSOS
B95: 2.10.1 | C95: Tampão de ferro fundido articulado, classe D400, carga máxima 40t, redondo tampa 600mm | G95: pç | H95: 2 | I95: 391.16 | J95: =I95*1.3201 -> 516.37032 | K95: =H95*J95 -> 1032.7406
A100: TOTAL DO ITEM 2 | K100: =SUM(K9:K99) -> 99419.12
A103: DATA: | D103: NOME E CARGO:
K105: =IF(I105=0," ",IF(I105=" -"," -",H105*I105))
A106: 3 | C106: ESTAÇÃO ELEVATÓRIA
B108: 3.1 | C108: CONJUNTO MOTO BOMBA HORIZONTAL, MONTADO EM BASE DE AÇO ESTRUTURAL, CONFORME PROJETO E AS CARACTERÍSTICAS A SEGUIR: | G108: cj | H108: 2 | I108: 9000 | J108: =I108*1.3201 -> 11880.9 | K108: =J108*H108 -> 23761.8
B111: 3.1.1 | C111: CONDIÇÕES DE OPERAÇÕES DA BOMBA:
C112: Líquido a recalcar - água tratada
C113: Vazão - 4,70 l/s ~ 17m³/h
C114: Altura manométrica total - 105 mca
C115: NPSH disponível - bomba trabalha afogada
B117: 3.1.2 | C117: MOTOR DE INDUÇÃO DO CONJUNTO HORIZONTAL
C118: Motor elétrico de indução, assíncrono com carcaça a prova de respingos e rotor em curto
C119: circuito, conforme NBR 7094
C120: Número de fases - 3
C121: Frequência - 60Hz
C122: Tensão - 220/380V
C123: Potência nominal - 25CV
C124: Rotação a plena carga - 3500rpm
C125: Categoria - N(NBR 7094)
C126: Fator de serviço - 1,10
C127: Classe de isolamento - B(130ºC)
C128: Grau de proteção - IP54
C129: Número de terminais acessíveis - 3
C130: Regime - contínuo
B132: 3.1.3 | C132: REDUÇÃO EXCÊNTRICA EM AÇO L=0,30m, FURAÇÃO DN 100 CONFORME NBR 7675, | G132: pç | H132: 2 | I132: 450 | J132: =I132*1.3201 -> 594.045 | K132: =J132*H132 -> 1188.09
C133: FURAÇÃO DNS CONFORME FLANGE DE SUCÇÃO DA BOMBA
B135: 3.1.4 | C135: REDUÇÃO CONCÊNTRICA EM AÇO L=0,30m, FURAÇÃO DN 80 CONFORME NBR 7675, | G135: pç | H135: 2 | I135: 400 | J135: =I135*1.3201 -> 528.04 | K135: =J135*H135 -> 1056.08
C136: FURAÇÃO DNR CONFORME FLANGE DE RECALQUE DA BOMBA
A139: DATA: | D139: NOME E CARGO:
B142: 3.2 | C142: TUBOS DE FERRO FUNDIDO DÚCTIL CENTRIFUGADO COM JUNTAS FLANGEADAS,
C143: CLASSE K-9, FABRICADOS CONFORME NBR 7560
B145: 3.2.1 | C145: Tubos com flanges
C147: TFL L = 1,20m PN10 DN 100 | G147: pç | H147: 1 | I147: 1086.71 | J147: =I147*1.3201 -> 1434.5659 | K147: =J147*H147 -> 1434.5659
C149: TFL L = 0,80m PN10 DN 100 | G149: pç | H149: 1 | I149: 972.86 | J149: =I149*1.3201 -> 1284.2725 | K149: =J149*H149 -> 1284.2725
C151: TFL L = 1,10m PN16 DN 100 | G151: pç | H151: 2 | I151: 1086.71 | J151: =I151*1.3201 -> 1434.5659 | K151: =J151*H151 -> 2869.1317
C153: TFL L = 0,70m PN16 DN 100 | G153: pç | H153: 1 | I153: 972.86 | J153: =I153*1.3201 -> 1284.2725 | K153: =J153*H153 -> 1284.2725
B155: 3.2.2 | C155: Tubos com flanges e ponta
C156: TFP L=2,20m PN16 DN 100 | G156: pç | H156: 1 | I156: 1030.79 | J156: =I156*1.3201 -> 1360.7459 | K156: =J156*H156 -> 1360.7459
B158: 3.3 | C158: CONEXÕES DE FERRO FUNDIDO DÚCTIL PARA JUNTAS ELÁSTICAS TRAVADAS T.I.
C159: (NBR 7674), FABRICADAS CONFORME NBR 7675
B161: 3.3.1 | C161: Curva de 90° com bolsa JTI DN 100 | G161: pç | H161: 1 | I161: 428.74 | J161: =I161*1.3201 -> 565.97967 | K161: =J161*H161 -> 565.97967
B163: 3.4 | C163: CONEXÕES DE FERRO FUNDIDO DÚCTIL PARA JUNTAS FLANGEADAS FABRICADAS
C164: CONFORNE NBR 7675
B166: 3.4.1 | C166: Carretel completo
...

Sheet MATERIAIS(2)
A1: ANEXO X - PLANILHA DE QUANTITATIVO E PREÇOS UNITÁRIOS (ORÇAMENTO)
A3: PREFEITURA MUNICIPAL DE NOVA ERA Secretaria de Obras e Serviços Urbanos
A4: OBRA POR EXECUÇÃO INDIRETA
A5: Objeto: | B5: Perfuração/cravação por método não destrutivo - MND, para rede de abastecimento de água do bairro Colina | E5: BDI: | F5: 0.3201 | H5: 43412
A6: PLANILHA ORÇAMENTÁRIA
A7: Item | B7: Preço referência | C7: Descrição | D7: Qtde. | E7: Un. | F7: P.Unit | G7: P. Unit. com BDI | H7: P. Total
A8: 4 | C8: PERFURAÇÃO/CRAVAÇÃO POR MÉTODO NÃO DESTRUTIVO - MND
A9: 4.1 | B9: Cotações | C9: Execução de perfuração ou cravação horizontal pelo método não destrutivo, incluindo instalação completa de tubo camisa em aço inox Ø273,05mm e tubo em ferro fundido JGSTI DN 100mm, conforme Projeto Básico fornecido pela Prefeitura de Nova Era/MG | D9: 30 | E9: m | F9: 1790.17 | G9: =F9*1.3201 -> 2363.2034 | H9: =D9*G9 -> 70896.103
A10: 4.2 | B10: Composição | C10: Tubo com costura 273,05mm x 4,19mm 304/L ASTM312 DEC. ASME/NA 6000mm Plana - Tubo em aço inox com 6,0m | D10: 5 | E10: und | F10: 4829.57 | G10: =F10*1.3201 -> 6375.5154 | H10: =D10*G10 -> 31877.577
A11: 4.3 | B11: SET PROJ-EXE-060 | C11: Projeto Executivo de perfuração horizontal pelo método não destrutivo - MND | D11: 3 | E11: PR A1 | F11: 355.26 | G11: =F11*1.3201 -> 468.97873 | H11: =D11*G11 -> 1406.9362
A12: SUB-TOTAL | H12: =SUM(H9:H11) -> 104180.62
A13: TOTAL DO ITEM 4 | H13: =SUM(H12) -> 104180.62
A14: Instruções:
A15: 1) Os preços unitários da planilha são referenciais, limites máximos permitidos e correspondem ao custo total de cada serviço. Foram utilizados preços de referência com desoneração, conforme Lei 13.161/2015.
A16: 2) Estão incluídos nos custos de cada item: Fornecimento e transporte de todos os materiais e equipamentos + mão de obra + encargos sociais + encargos complementares. No preço unitário estão incluidos todos os componentes necessários para execução de cada serviço, mesmo aqueles que embora não citados sejam indispensáveis para o seu desenvolvimento.
A17: 3) Os Encargos complementares são custos associados à mão de obra - alimentação, transporte, equipamentos de proteção individual, ferramentas e outros.
A18: 4) O BDI adotado foi de 32,01%, com desoneração, conforme Acórdão nº 2622/2013 e Lei 13.161 de 31/08/15. Os percentuais adotados para o cálculo do BDI estão detalhados em planilha anexa. Conforme legislação tributária Municipal, a base de cálculo do ISS corresponde a 90,00% do valor deste tipo de obra e, sobre esta base, incide ISS com alíquota de 5,00%.
A19: 5) A Contribuição Previdenciária sobre a Receita Bruta (CPRB) - Lei 13.161/2015, desonera a folha de salários de diversas atividades econômicas da construção civil e impacta no cálculo do BDI mediante a majoração do percentual correspondente à 4,5% sobre o preço total da obra, em substituição à contribuição previdenciária patronal de 20% prevista nos encargos sociais.
A20: 6) Os serviços deverão ser executados rigorosamente conforme Planilha Orçamentária, Especificação Técnica e Projetos.
A21: 7) Caso a Fiscalização Municipal entenda como inviável a execução de algum item previsto nesta planilha, a Prefeitura Municipal reserva-se o direito de realizar supressão total ou parcial do(s) mesmo(s), de acordo com os limites estabelecidos pela Lei nº 8.666/93.
A22: 8) Os LICITANTES deverão apresentar composição do BDI utilizado em sua proposta comercial, detalhando cada percentual separadamente (Administração central, seguros, riscos, garantias, despesas financeiras, lucro/remuneração, impostos). O percentual de ISS deverá seguir a legislação Municipal. A CONTRATANTE realizará retenção do ISS conforme alíquota adotada na composição da empresa vencedora do processo licitatório.

Sheet RESUMO GERAL
E2: ANEXO X - PLANILHA DE QUANTITATIVO E PREÇOS UNITÁRIOS (ORÇAMENTO)
M3: 25 | N3: 100
E4: OBRA / SERVIÇO - UNIDADE DO SISTEMA: | G4: Localidade | I4: PÁGINA | J4: DATA BASE: | M4: 15 | N4: 100
E5: SAA - Sistema de Abastecimento de Água | G5: Nova Era - MG | J5: Novembro/2018
A7: ÍTEM | C7: DISCRIMINAÇÃO | G7: PREÇO OBRAS (R$) | I7: PREÇO MATERIAIS (R$)
G8: C/ BDI 32,01% | I8: C/ BDI 32,01%
J9: =IF(I9=0," ",IF(I9=" -"," -",H9*I9))
A10: 1 | C10: MOBILIZAÇÃO E DESMOBILIZAÇÃO | G10: =SERVIÇOS!K33 -> 4735.8274
A12: 2 | C12: LINHA DE RECALQUE E ALIMENTAÇÃO | G12: =SERVIÇOS!K134 -> 69689.061 | I12: ='MATERIAIS(1)'!K100 -> 99419.12
A14: 3 | C14: ESTAÇÃO ELEVATÓRIA DE ÁGUA TRATADA | G14: =SERVIÇOS!K237 -> 25042.471 | I14: ='MATERIAIS(1)'!K238 -> 53433.82
A16: 4 | C16: PERFURAÇÃO/CRAVAÇÃO POR MÉTODO NÃO DESTRUTIVO - MND | I16: ='MATERIAIS(2)'!H13 -> 104180.62
C21: SOMA | G21: =SUM(G10:H20) -> 99467.359 | I21: =SUM(I10:J20) -> 257033.56
C28: TOTAL GERAL | J28: =G21+I21 -> 356500.91
A36: DATA: | D36: NOME E CARGO:
